 Dungeon Crawl Stone Soup version 0.21-a0-528-gf531e82 (webtiles) character file.

46 Gwyneth the Shield-Bearer (level 3, 0/25 HPs)
             Began as a Halfling Fighter on Dec 8, 2017.
             Slain by a goblin
             ... wielding a +0 club
             ... led by Robin
              (2 damage)
             ... on level 2 of the Dungeon.
             The game lasted 00:10:21 (1832 turns).

Gwyneth the Shield-Bearer (Halfling Fighter)        Turns: 1832, Time: 00:10:21

Health: 0/25       AC:  6    Str: 17    XL:     3   Next: 92%
Magic:  3/3        EV:  9    Int:  6    God:
Gold:   47         SH:  9    Dex: 14    Spells: 2/2 levels left

rFire    . . .     SeeInvis .   a - +0 rapier
rCold    + . .     Gourm    .   c - +0 shield
rNeg     . . .     Faith    .   b - +0 scale mail
rPois    .         Spirit   .   (no helmet)
rElec    .         Reflect  .   (no cloak)
rCorr    .         Harm     .   (no gloves)
MR       .....                  (no boots)
Stlth    ..........             (no amulet)
HPRegen  0.08/turn              l - ring of protection from cold
MPRegen  0.08/turn              (no ring)

@: no status effects
A: small, mutation resistance 1
a: no special abilities


You were on level 2 of the Dungeon.
You were not hungry.

You visited 1 branch of the dungeon, and saw 2 of its levels.

You collected 47 gold pieces.

Inventory:

Hand Weapons
 a - a +0 rapier (weapon)
 k - a +0 vampiric hand axe
Missiles
 h - 8 steel tomahawks (quivered)
Armour
 b - a +0 scale mail (worn)
 c - a +0 shield (worn)
Jewellery
 l - a ring of protection from cold (left hand)
Potions
 d - a potion of might
 e - a potion of curing {unknown}
 g - 3 potions of haste
 i - 2 potions of magic
 j - 2 potions of degeneration {unknown}
Comestibles
 f - 2 bread rations
 m - a fruit


   Skills:
 + Level 2.8 Fighting
 + Level 3.3 Short Blades
 + Level 3.6 Armour
 + Level 1.0 Dodging
 + Level 3.8 Shields


You had 2 spell levels left.
You didn't know any spells.

Dungeon Overview and Level Annotations

Branches:
Dungeon (2/15)

Altars:
Hepliaklqana

Annotations:
D:2 Robin


Innate Abilities, Weirdness & Mutations

You are small and have problems with some larger weapons.
You are somewhat resistant to further mutation.


Message History

Robin roars a battlecry!
The goblins go into a battle-frenzy!
The hobgoblin hits you. The goblin hits you with a club.
You barely miss the goblin. You block the hobgoblin's attack.
The goblin hits you but does no damage.
You hit Robin but do no damage.
Robin is severely wounded.
You block the hobgoblin's attack. Robin hits you with a short sword.
* * * LOW HITPOINT WARNING * * *
The goblin hits you with a club.
* * * LOW HITPOINT WARNING * * *
Your scale mail prevents you from hitting Robin.
Robin is severely wounded.
The hobgoblin misses you. You block the goblin's attack.
You hit Robin.
Robin is almost dead.
You block Robin's attack.
The hobgoblin hits you but does no damage.
The goblin hits you with a club.
You die...

############
#>.....g...
#.# ...
#g####[#####.
#g@gggg.....g
####g#.....#g
#.#####.# #..
####


You could see Robin, a hobgoblin and 5 goblins.

Vanquished Creatures
  An adder (D:2)
  A dart slug (D:1)
  2 leopard geckos (D:1)
  3 giant cockroaches (D:1)
  4 hobgoblins
  4 jackals (D:1)
  A quokka (D:2)
  2 bats
  6 goblins
  3 kobolds (D:1)
  3 rats
  A plant (D:1)
31 creatures vanquished.

Notes
Turn   | Place    | Note
-------+----------+-------------------------------------------
     0 | D:1      | Gwyneth the Halfling Fighter began the quest for the Orb.
     0 | D:1      | Reached XP level 1. HP: 15/15 MP: 1/1
   133 | D:1      | Reached XP level 2. HP: 18/20 MP: 2/2
   458 | D:1      | Reached XP level 3. HP: 23/25 MP: 3/3
  1658 | D:2      | Found a hazy altar of Hepliaklqana.
  1801 | D:2      | Noticed Robin
  1821 | D:2      | Reached skill level 1 in Dodging
  1832 | D:2      | Slain by a goblin

Vault maps used:
D:1:      dpeg_arrival_rooms_a, serial_forest, infiniplex_forest_split,
          infiniplex_forest_corner_1, infiniplex_forest_lined_corner,
          infiniplex_forest_zigzag_1, infiniplex_forest_clump_cross,
          infiniplex_forest_end_1
D:2:      overflow_temple_1_default, first_bread, uniq_robin

Skill      XL: |  1  2  3 |
---------------+----------+-----
Short Blades   | 3 |  3.3
Dodging        | 1 |  1.0
Fighting       | |  2.8
Armour         | |  3.6
Shields        | |  3.8

Action                   || total
-------------------------++-------
Melee: Rapier            ||   187
  Use: Scroll            ||     5
  Eat: Bread ration      ||     1
Armor: Scale mail        ||    80
Dodge: Dodged            ||    74
Block: Shield            ||   100

Table legend:
 A = Spawn XP
 B = Non-spawn XP
 C = Spawn XP percentage of total XP
 D = Spawn monster count
 E = Non-spawn monster count
 F = Spawn count percentage of total count
 G = Total turns spent on level
                    A         B        C        D         E        F      G
               +---------+---------+-------+---------+---------+-------+---------
         Total |       0 |      66 |   0.0 |       0 |      30 |   0.0 |  1832
               +---------+---------+-------+---------+---------+-------+---------
           D:1 |       0 |      41 |   0.0 |       0 |      22 |   0.0 |  1653
           D:2 |       0 |      25 |   0.0 |       0 |       8 |   0.0 |   179
               +---------+---------+-------+---------+---------+-------+---------
